Cogmind - Beta 15 @@@ ROGUE MODE // 2025.05.28 @ 18:23:25 Player: pakman Result: Destroyed by X-62 Marksman with Gauss Rifle Performance ------------- Evolutions (2) 1000 Regions Visited (3) 600 Robots Destroyed (73) 365 Value Destroyed (1660) 1660 Prototype IDs (7) 140 Alien Tech Used (0) 0 Bonus (46) 46 TOTAL SCORE: 3811 Bonus ------- High Alert Combat Kills 46 Cogmind --------- Core Integrity 0/550 Matter 192/300 Energy 94/100 System Corruption 0% Temperature Cool (27) Movement Core (50) Location -8/Materials Parts ------- > --- POWER (1) -------- (None) > --- PROPULSION (3) --- (None) > --- UTILITY (5) ------ Improved Terrain Scan Processor > --- WEAPON (2) ------- (None) > --- INVENTORY (5) ---- Light Treads Large Storage Unit High-capacity Storage Unit Improved Light Cannon Flail Peak State ------------ > --- POWER ------------ Heavy Ion Engine > --- PROPULSION ------- Light Treads Light Treads > --- UTILITY ---------- Large Storage Unit Sensor Array Seismic Detector Hacking Suite > --- WEAPON ----------- Advanced Beam Cannon Improved Light Cannon > --- INVENTORY -------- Ion Engine Light Ion Engine Light Ion Engine Light Treads Wheel Wheel Heat Sink High-capacity Storage Unit Visual Processing Unit Signal Interpreter Light Armor Plating Improved Light Cannon Improved Light Cannon Improved Light Cannon Flail [Rating: 18] Favorites ----------- Power Heavy Ion Engine Engine Heavy Ion Engine Propulsion Light Treads Treads Light Treads Wheel Wheel Utility Seismic Detector Device Seismic Detector Storage Large Storage Unit Processor Signal Interpreter Hackware Hacking Suite Protection Light Armor Plating Weapon Improved Light Cannon Energy Gun Small Laser Energy Cannon Advanced Beam Cannon Ballistic Gun Assault Rifle Ballistic Cannon Improved Light Cannon Launcher Rocket Launcher Impact Weapon Hammer Build | -11 -10 -9 -8 ------- Run | Yrd Mat Mat Mat Slots Evolved 4 | . . 2 2 Power . | . . . . Propulsion 1 | . . . 1 Utility 3 | . . 2 1 Weapon . | . . . . Parts Attached 36 | 8 6 16 6 Power 4 | 1 1 1 1 Engine 4 | 1 1 1 1 Core . | . . . . Reactor . | . . . . Propulsion 9 | 2 1 4 2 Treads 7 | 1 1 4 1 Leg . | . . . . Wheel 2 | 1 . . 1 Hover . | . . . . Flight . | . . . . Utility 10 | 2 1 4 3 Device 3 | 1 . 1 1 Storage 2 | 1 1 . . Processor 3 | . . 1 2 Hackware 1 | . . 1 . Protection 1 | . . 1 . Artifact . | . . . . Weapon 13 | 3 3 7 . Energy Gun 3 | 2 . 1 . Energy Cannon 1 | . . 1 . Ballistic Gun 1 | 1 . . . Ballistic Cannon 4 | . 2 2 . Launcher 2 | . . 2 . Special Weapon . | . . . . Impact Weapon 2 | . 1 1 . Slashing Weapon . | . . . . Piercing Weapon . | . . . . Special Melee Weapon . | . . . . Unidentified Prototypes 3 | . . 3 . Parts Lost 21 | . . 3 18 Power 3 | . . 1 2 Propulsion 6 | . . . 6 Utility 7 | . . 2 5 Weapon 5 | . . . 5 Highest Loss Streak 18 | . . 2 18 To Critical Strikes . | . . . . Average Backups 10 | 2 8 12 9 Power 1 | . 1 1 . Propulsion 2 | 1 2 2 2 Utility 3 | . 3 3 2 Weapon 3 | . 2 4 4 Tool/Special . | . . . . Unused Backups 5 | . 1 3 1 Power 2 | . . 2 . Propulsion . | . . . . Utility 2 | . 1 . 1 Weapon 1 | . . 1 . Tool/Special . | . . . . Average Slot Usage (%) 97 | . 100 99 81 Engine 11 | . 14 10 6 Treads 23 | . 26 21 21 Device 16 | . 14 21 5 Storage 11 | . 14 11 9 Processor 4 | . . 5 18 Hackware 2 | . . 5 . Energy Gun 1 | . 3 . . Ballistic Cannon 18 | . 19 19 11 Impact Weapon 2 | . 5 1 . Peak Build Rating 18 | 7 10 18 17 Average Rating 12 | 5 9 15 14 On Entrance 7 | . 7 9 13 Naked Turns . | . . . . Heaviest Build 38 | 13 34 38 35 Greatest Support 60 | 20 40 40 60 Greatest Overweight (x) 11 | 1 1 11 6 Average Overweight (x) . | . . . . Largest Inventory Capacity 15 | 8 15 15 15 Average Capacity 13 | 7 12 15 14 Most Carried 15 | 4 12 15 12 Average Carried 10 | 2 8 12 9 Final Capacity 15 | 8 15 15 5 Final Carried 13 | 4 11 13 5 Class Distribution -------------------- 84% | Mutant 15% | Scavenger-Mutant Dominant Class ---------------- Mutant | -10/Materials Mutant | -9/Materials Scavenger-Mutant | -8/Materials Resources | -11 -10 -9 -8 ----------- Run | Yrd Mat Mat Mat Matter Collected 1624 | 235 409 786 194 Remotely . | . . . . Salvage Created 1524 | 17 364 877 266 Parts 133 | 4 26 78 25 Haulers Intercepted 5 | . 2 3 . Recyclers Shooed . | . . . . Parts Field Recycled . | . . . . Retrieved Matter . | . . . . Parts Self-Destructed . | . . . . Prevented . | . . . . Kills | -11 -10 -9 -8 ------- Run | Yrd Mat Mat Mat Combat Hostiles Destroyed 51 | . 14 29 8 Guns 2 | . 2 . . Cannons 34 | . 12 18 4 AOE 14 | . . 10 4 Classes Destroyed 12 | 1 6 3 2 Builder 4 | . . 2 2 Tunneler 1 | 1 . . . Hauler 5 | . 2 3 . Recycler 1 | . . . 1 Mechanic 1 | . . 1 . Operator 2 | . 1 1 . Watcher 8 | . 2 4 2 Swarmer 22 | . 6 12 4 Grunt 17 | . 5 10 2 Brawler 1 | . . . 1 Sentry 8 | . . 7 1 Subdweller 3 | . 3 . . Best Kill Streak 8 | 1 4 7 8 Combat Bots Only 6 | . 3 6 4 Max Kills in Single Turn 5 | 1 1 5 4 Gunslinging . | . . . . Exploded 4 | . . 4 3 Melee . | . . . . Uniques/NPCs Destroyed . | . . . . Combat | -11 -10 -9 -8 -------- Run | Yrd Mat Mat Mat Hostile Shots Fired 218 | . 54 83 81 Missed 52 | . 12 21 19 Hits 166 | . 42 62 62 Projectile 166 | . 42 62 62 Critical Strikes 12 | . 2 5 5 Damage Taken 2944 | . 519 827 1598 Core 811 | . 68 180 563 Absorbed by Shields . | . . . . Regen/Repaired (Parts) 212 | . . 212 . Core Remaining (%) 75 | 100 72 55 . Volleys Fired 149 | 1 51 63 34 Largest 2 | 2 2 2 2 Hottest 101 | 80 80 101 101 Shots Fired 271 | 2 99 123 47 Gun 18 | 2 16 . . Cannon 238 | . 83 120 35 Launcher 15 | . . 3 12 Special . | . . . . Kinetic 223 | . 83 115 25 Thermal 33 | 2 16 5 10 Explosive 15 | . . 3 12 Electromagnetic . | . . . . Robot Hit Streak 14 | 1 13 7 14 Robot Miss Streak 4 | . 3 4 3 Penetration Max . | . . . . Secondary Targets . | . . . . Shots Hit Robots 167 | 1 70 66 30 Core Hits 90 | 1 24 42 23 Critical Kills . | . . . . Critical Parts Destroyed . | . . . . Critical Strikes 6 | . 1 4 1 Blast 6 | . 1 4 1 Melee Attacks 28 | . 9 19 . Impact 28 | . 9 19 . Slashing . | . . . . Piercing . | . . . . Sneak Attacks 1 | . 1 . . Combat Hostiles . | . . . . Follow-up Attacks . | . . . . Damage Inflicted 4795 | 11 1343 2131 1310 Guns 157 | 11 146 . . Cannons 3246 | . 1167 1406 673 Explosions 1322 | . . 685 637 Melee 70 | . 30 40 . Ramming . | . . . . Kinetic 3018 | . 1167 1364 487 Thermal 479 | 11 146 136 186 Explosive 1148 | . . 511 637 Electromagnetic 80 | . . 80 . Impact 70 | . 30 40 . Slashing . | . . . . Piercing . | . . . . Highest Corruption . | . . . . Average Corruption . | . . . . Corruption Purged . | . . . . Corruption Blocked . | . . . . Overload Shots . | . . . . Overflow Damage 81 | . 22 21 38 Projectiles 23 | . 22 1 . Explosions 38 | . . . 38 Melee 20 | . . 20 . Knockbacks 26 | . 11 14 1 Impact 2 | . 1 1 . Kinetic 21 | . 10 10 1 Secondary 3 | . . 3 . Self-Inflicted Damage 206 | . . 137 69 Shots 6 | . . 3 3 Rammed . | . . . . Targets Rammed . | . . . . Kicked . | . . . . Crushed . | . . . . Highest Temperature 132 | 18 90 132 102 Average Temperature 23 | 12 18 31 22 Received Heat Transfer 660 | . 123 267 270 Siege Activations . | . . . . Martial Activations . | . . . . Shielding Activations . | . . . . Robots Disrupted . | . . . . Combat Hostiles . | . . . . Robots Corrupted 1 | . . 1 . Combat Hostiles 1 | . . 1 . Parts Fried 1 | . . 1 . Impact Corruptions 2 | . . 2 . Robots Melted . | . . . . Combat Hostiles . | . . . . Parts Melted 2 | . 2 . . Heat Transferred 857 | 25 325 174 333 Parts Sabotaged . | . . . . Parts Stolen . | . . . . Parts Stripped . | . . . . Power Chain Reactions 2 | . . 2 . Alert | -11 -10 -9 -8 ------- Run | Yrd Mat Mat Mat Maximum Alert Level 2 | . . 2 1 Low Security (%) 72 | 100 100 56 38 Level 1 24 | . . 37 61 Level 2 2 | . . 6 . Level 3 . | . . . . Level 4 . | . . . . Level 5 . | . . . . High Security . | . . . . Max Security . | . . . . Peak Influence 482 | 5 151 482 353 Initial 202 | . . . 202 Average 121 | 1 51 163 218 Influence Increases 1811 | 5 464 955 387 Destroy 0b10 Robot/C 960 | . 220 580 160 Destroy 0b10 Robot/NC 110 | 5 25 55 25 Destroy Leader 246 | . 58 154 34 Successful Hack 92 | . 57 7 28 Disable Machine 90 | . 15 75 . Destroy Structure 103 | . 14 39 50 Lose Combat Pursuer 210 | . 75 45 90 Influence Decreases 1572 | 5 464 476 627 Entered New Map 277 | . . . 277 Time Decay 1085 | 5 464 446 170 Lost Part 210 | . . 30 180 Squads Dispatched 7 | . 1 3 3 Investigation 2 | . . 2 . Extermination . | . . . . Reinforcement 5 | . 1 1 3 Assault . | . . . . Garrison . | . . . . Intercept . | . . . . Searches Triggered . | . . . . Construction Impeded . | . . . . Haulers Reinforced . | . . . . Active Scanning Responses . | . . . . Cargo Convoy Interrupts . | . . . . Stealth | -11 -10 -9 -8 --------- Run | Yrd Mat Mat Mat Distress Signals 7 | . 1 4 2 Communications Jammed . | . . . . Distress Signals . | . . . . Times Spotted 80 | . 21 41 18 Peak Tracking Total 7 | . 4 5 7 Tactical Retreats 8 | . 3 2 3 Traps | -11 -10 -9 -8 ------- Run | Yrd Mat Mat Mat Traps Triggered 2 | . . 2 . Indirectly 1 | . . 1 . Trap Hack Attempts . | . . . . Triggered . | . . . . Disarmed 4 | . 4 . . Reprogrammed . | . . . . Reused . | . . . . Traps Extracted . | . . . . Installed . | . . . . Triggered . | . . . . Machines | -11 -10 -9 -8 ---------- Run | Yrd Mat Mat Mat Machines Disabled 6 | . 1 5 . Max in Single Turn 2 | . 1 2 . Machines Repaired . | . . . . Machines Dismantled . | . . . . Machines Sabotaged . | . . . . Overloaded Fab Kills . | . . . . Hacking | -11 -10 -9 -8 --------- Run | Yrd Mat Mat Mat Machines Accessed 17 | . 7 9 1 Terminals 11 | . 6 4 1 Fabricators . | . . . . Repair Stations 2 | . . 2 . Recycling Units 3 | . 1 2 . Scanalyzers 1 | . . 1 . Garrison Access . | . . . . Total Hacks 55 | . 22 30 3 Successful 35 | . 11 22 2 Failed 20 | . 11 8 1 Catastrophic 1 | . . 1 . Database Lockouts . | . . . . Manual 25 | . 15 9 1 Terminals 37 | . 21 13 3 Fabricators . | . . . . Repair Stations 8 | . . 8 . Recycling Units 3 | . 1 2 . Scanalyzers 7 | . . 7 . Garrison Access . | . . . . Terminal Hacks 9 | . 5 3 1 Robot Analysis 2 | . 1 1 . Prototype ID Bank 3 | . 1 2 . Level Access Points 1 | . 1 . . Locate Traps 1 | . 1 . . Disarm Traps 1 | . 1 . . Zone Layout 1 | . . . 1 Fabricator Hacks . | . . . . Repair Station Hacks 7 | . . 7 . Scan Component 4 | . . 4 . Repair 3 | . . 3 . Recycling Unit Hacks 3 | . 1 2 . Report Inventory 3 | . 1 2 . Scanalyzer 7 | . . 7 . Insert Component 4 | . . 4 . Analyze 3 | . . 3 . Garrison Access Hacks . | . . . . Unauthorized Hacks 9 | . 5 3 1 Terminals 9 | . 5 3 1 Assimilate 2 | . 2 . . Botnet 7 | . 3 3 1 Fabricators . | . . . . Repair Stations . | . . . . Recycling Units . | . . . . Scanalyzers . | . . . . Garrison Access . | . . . . Data Cores Recovered 1 | . 1 . . Used . | . . . . Hacking Detections 15 | . 6 8 1 Full Trace Events 4 | . 1 3 . Feedback Events 1 | . . 1 . Hackware Fried 1 | . . 1 . Feedback Blocked . | . . . . Robot Schematics Acquired . | . . . . Robots Built . | . . . . Authchips . | . . . . Time . | . . . . Total Robot Build Rating . | . . . . Part Schematics Acquired 3 | . . 3 . Parts Built . | . . . . Authchips . | . . . . Time . | . . . . Total Part Build Rating . | . . . . Parts Repaired 3 | . . 3 . Time 90 | . . 90 . Parts Recycled . | . . . . Recycled Matter . | . . . . Retrieved Matter . | . . . . Retrieved Components . | . . . . Parts Scanalyzed 3 | . . 3 . Part Schematics Acquired 3 | . . 3 . Parts Damaged . | . . . . Bothacking | -11 -10 -9 -8 ------------ Run | Yrd Mat Mat Mat Used RIF Installer . | . . . . Robots Hacked . | . . . . Non-combat . | . . . . Combat . | . . . . Robot Hacks Applied . | . . . . Relay Couplers Released . | . . . . Fabnet Peak Effective % . | . . . . Robots Rewired . | . . . . Allies Hacked . | . . . . Hacks Repelled . | . . . . Allies | -11 -10 -9 -8 -------- Run | Yrd Mat Mat Mat Total Allies . | . . . . Largest Group . | . . . . Highest-Rated Group . | . . . . Highest-Rated Ally . | . . . . Total Orders . | . . . . Ally Attacks . | . . . . Total Damage . | . . . . Kills . | . . . . Allies Corrupted . | . . . . Allies Melted . | . . . . Intel | -11 -10 -9 -8 ------- Run | Yrd Mat Mat Mat Active Infowar (turns) 3361 | 22 1365 1686 288 Optics 93 | . . . 93 Sensors 1659 | . . 1659 . Seismic 3242 | 22 1365 1660 195 Robot Analysis Total 2 | . 1 1 . Derelict Logs Recovered . | . . . . Drone Launches . | . . . . Drone Recoveries . | . . . . Exploration | -11 -10 -9 -8 ------------- Run | Yrd Mat Mat Mat Turns Passed 3471 | 70 1365 1686 350 Spaces Moved 1617 | 54 711 722 130 Core 15 | 5 . 1 9 Treads 1417 | 2 602 721 92 Legs . | . . . . Wheels 185 | 47 109 . 29 Hover . | . . . . Flight . | . . . . Fastest Speed 50 | 50 95 160 50 Average Speed 153 | 95 150 160 155 Slowest Speed 600 | 160 160 600 350 Overloaded Moves . | . . . . Propulsion Burnouts . | . . . . Robots Hopped . | . . . . Potential Cave-ins 2 | . . . 2 Cave-ins Triggered . | . . . . Exploration Rate (%) 45 | 4 96 71 12 Regions Visited 3 Branch Regions . Pre-discovered Areas . | . . . . Known Exits Taken 2 | . 1 1 . Unknown Exits Taken 1 | 1 . . . Scrap Searched . | . . . . Spaces Dug 59 | . 6 11 42 Terrain Destroyed 135 | . 12 33 90 Melee 17 | . 6 11 . Projectile 14 | . 6 7 1 AOE 104 | . . 15 89 Terrain Rammed . | . . . . Walls Destroyed . | . . . . Machines Disabled . | . . . . Actions | -11 -10 -9 -8 --------- Run | Yrd Mat Mat Mat Total 2279 | 66 896 1089 228 Wait 386 | . 101 236 49 Move 1614 | 53 710 721 130 Hop . | . . . . Pick Up 27 | 4 12 11 . Fast Attach 14 | 7 . 5 2 Attach 18 | . 2 7 9 Detach 3 | . . 2 1 Swap 25 | 1 4 17 3 Drop 15 | . 7 8 . Fire 149 | 1 51 63 34 Melee 28 | . 9 19 . Ram . | . . . . Kick . | . . . . Crush . | . . . . Escape Stasis . | . . . . Rewire . | . . . . Trap . | . . . . Miscellaneous . | . . . . Route ------- -11/Scrapyard -10/Materials (discovered 4 exits: *Mat x3 / [*Min]) -9/Materials (discovered 4 exits: *Mat x2 / *Min x2) -8/Materials History --------- Turn | Location | Event 27 | -11/Scrapyard | Discovered new exit (range 15) 71 | -11/Scrapyard | Entered Materials 311 | -10/Materials | Build established: Mutant 541 | -10/Materials | Discovered new exit (range 16) 605 | -10/Materials | Discovered new exit (range 16) 671 | -10/Materials | Derelicts attacked the area 959 | -10/Materials | Discovered new exit (range 4) 1277 | -10/Materials | Identified exit to Materials 1436 | -10/Materials | Entered another Materials area 1436 | -9/Materials | Evolved 2 slots: Utility x2 2006 | -9/Materials | Repaired Imp. Light Cannon 2042 | -9/Materials | Repaired Imp. Light Cannon 2056 | -9/Materials | Discovered new exit (range 5) 2061 | -9/Materials | Build established: Scavenger-Mutant 2231 | -9/Materials | Hacking Suite fried by hacking feedback 2361 | -9/Materials | Build established: Mutant 2613 | -9/Materials | Discovered new exit (range 16) 2647 | -9/Materials | Identified exit to Mines 2714 | -9/Materials | Discovered exit to Mines (range 7) 3005 | -9/Materials | Discovered new exit (range 11) 3024 | -9/Materials | Identified exit to Materials 3086 | -9/Materials | Repaired Seismic Detector 3122 | -9/Materials | Entered another Materials area 3122 | -8/Materials | Evolved 2 slots: Propulsion x1, Utility x1 3413 | -8/Materials | Core integrity fell below 50% 3445 | -8/Materials | Core integrity fell below 20% 3472 | -8/Materials | Destroyed by X-62 Marksman with Gauss Rifle Last Messages --------------- 03418_ Acquired 8 matter. 03419_ Acquired 5 matter. 03419_ Slug penetrates Wall. 03419_ U-05 Engineer lays Concrete. 03420_ Slug penetrates Wall. 03421_ Acquired 6 matter. 03421_ Wheel destroyed. 03421_ Signal Interpreter destroyed. 03421_ Critical hit (Blast). 03421_ Knocked back. 03427_ Penetrated by Slug. 03442_ O-24 Administrator: "IFF HANDSHAKE FAILED. SECURING TERMINAL." 03442_ Wheel destroyed. 03444_ K-01 Serf collects debris. 03449_ ALERT: Hostiles spotted, dispatching reinforcements to Terminal M005. 03469_ Penetrated by Slug. 03469_ Terminal disabled. 03472_ Critical hit (Burn: +37). 03472_ Penetrated by Slug. Map ----- +----------------------------------------------------+ | | | | | | | | | | | | | ?????????????????????????????????????????????????? | | ?????????????????????????????????????????????????? | | ?????????????????????????????????????????????????? | | ?????????????????????????????????????????????????? | | ?????????????????????????????????????????????????? | | ?????????????????????????????????????????????????? | | ?????????????????????????????????????????????????? | | ?????????????????????????????????????????????????? | | ?????????????????????????????????????????????????? | | ?????????????????????????????????????????????????? | | ???????????????????????#######?????????????#####?? | | ???????????????????????# ! #?????????????# #?? | | ??????????????????????? #???########### #?? | | ??????????????????????? #???# """ """ # #?? | | ??????????????????????? #???# """ """ # ### | | ???????????????????????# #???# """ """ # | | ???????????????????????## ##???# + | | ???????????????????????## #????# # ##+ | | ???????????????????????## #????# ! # # | | ???????????????????????##@ #????# # # | | ???????????????????????## #????# """T""" # # | | ???????????????????????## #????########### + | | ???????????????????????## #??????????????# # | | ???????????????????????## #??????????????# # | | ???????????????????????## #??????????????# ### | | ???????????????????????## #??????????????# # | | ????????????????????????# xx################ # | | ????????????????????????# # # | | ????????????????????????# # # | | ????????????????????????# % | | ????????????????????????###################" # | | ??????????????????????????????????????????## ### | | ????????????????????????????????????######## # | | ????????????????????????????????????# ] # #! | | ????????????????????????????????????# " %# | | ????????????????????????????????????# "" " % | | ????????????????????????????????????#* T" #% # | | ????????????????????????????????????# "" # # | | ????????????????????????????????????# ?# %"## | | ????????????????????????????????????######?#=%*##? | | ???????????????????????????????????????????#%= #?? | | ??????????????????????????????????????????? =[=#?? | | ?????????????????????????????????????????? %%*"?? | | ?????????????????????????????????????????? !%#?? | +----------------------------------------------------+ Best States ------------- Heat Dissipation 31 Energy Generation 14 Energy Capacity 280 Matter Stores 300 Matter Capacity 300 Sight Range 18 Robot Scan Range 14 Terrain Scan Density 110 Armor Coverage 150 Evasion (%) 44 Recoil Reduction 3 Offensive Hacking 10 Item Schematics ----------------- Lgt. Armor Plating | -9/Materials | Scanalyzed Lgt. Treads | -9/Materials | Scanalyzed Adv. Beam Cannon | -9/Materials | Scanalyzed Robot Schematics ------------------ None Fabricated ------------ Nothing Repaired ---------- Imp. Light Cannon | 15% | -9/Materials Imp. Light Cannon | 39% | -9/Materials Seismic Detector | 20% | -9/Materials Alien Tech Used ----------------- None Achievements -------------- None Challenges ------------ None Game ------ Seed PhaseBiocellChip Manual? 0 Play Time 00:49:51 Cumulative 57.6 hours Start 2025.05.27 @ 19:16:42 End 2025.05.28 @ 18:23:25 Sessions 2 Manual Loads 0 Difficulty Rogue Special Mode None Game No. 62 Rogue 62 Adventurer 0 Explorer 0 Win Type - Total 0 Types 0/0/0/0/0/0/0/0/0/0 Lore% 32 Gallery% 30 Achievement% 26 Wizard Run 0 Options --------- Layout 0 ASCII 0 Keyboard 1 Movement Numpad Keybinds 0 Fullscreen 2 Font 18/SmallcapsGlow Map View 76x50 Zoom Use 0% Tactical HUD 1 Map Filters NONE Filters NONE Steam 1 RUN: 7cfbad58-cfaf-40bc-96ae-587f03469807